[Event "Team 45 45 League T45"]
[Site "Internet Chess Club"]
[Date "2010.05.15"]
[Round "2"]
[White "ryan2chess"]
[Black "smsxman"]
[Result "0-1"]
[WhiteElo "1541"]
[BlackElo "1510"]
[Opening "Ruy Lopez: old Steinitz defense"]
[ECO "C62"]
[Time "10:41:02"]
[TimeControl "2700+45"]

1. e4 e5 2. Nf3 Nc6 3. Bb5 d6 4. d4 exd4 5. Nxd4 Bd7 6. Bxc6 bxc6 7. O-O Nf6 8.
Nc3 Be7 9. Bg5 O-O 10. Re1 c5 11. Nf5 Bxf5 12. exf5 Re8 13. Qd2 d5 14. Rad1 d4
15. Ne4 Nxe4 16. Rxe4 Bxg5 17. Rxe8+ Qxe8 18. Qxg5 f6 19. Qd2 Qe4 20. Qd3 Re8
21. Qc4+ Kh8 22. Qd3 Re5 23. Qb5 c6 24. Qa6 h6 25. h3 Qxc2 26. Rf1 Qxb2 27. Qxa7
Qc2 28. Qa8+ Kh7 29. Qxc6 Qxa2 30. Qd7 Qd5 31. Qa7 c4 32. Rd1 d3 33. Qa2 c3 34.
Qa1 c2 35. Rf1 d2 36. Kh2 Re1 37. Rxe1 dxe1=Q 38. Qxe1 Qe5+ 39. Qxe5 fxe5 40.
Kg1 c1=Q+ 41. Kh2 Qf4+ 42. Kg1 Qxf5 43. Kf1 Kg6 44. Kg1 Kg5 45. Kf1 Kf4 46. Kg1
Qc2 47. Kh2 Qxf2 48. h4 Qxh4+ 49. Kg1 e4 50. Kf1 e3 51. Ke2 Qf2+ 52. Kd3 Qd2+
53. Kc4 Qxg2 54. Kd4 Qe4+ 55. Kc5 Ke5 56. Kb5 Qd4 57. Kc6 Qd5+ 58. Kc7 Ke6 59.
Kb6 Qc4 60. Kb7 Kd6 61. Kb6 Qc5+ 62. Kb7 Qc6+ 63. Ka7 Qb5 64. Ka8 Kc6 65. Ka7
Qb7# {White checkmated} 0-1

[Event "Team 45 45 League T45"]
[Site "Internet Chess Club"]
[Date "2010.05.16"]
[Round "2"]
[White "DrOMM"]
[Black "rook9999"]
[Result "0-1"]
[WhiteElo "1286"]
[BlackElo "1596"]
[Opening "Sicilian defense"]
[ECO "B30"]
[Time "16:00:23"]
[TimeControl "2700+45"]

1. e4 c5 2. Nf3 Nc6 3. Bc4 Nf6 4. d3 d6 5. a3 Bg4 6. h3 Bh5 7. Be3 e6 8. O-O Be7
9. Nbd2 O-O 10. c3 d5 11. Ba2 dxe4 12. dxe4 Ne5 13. g4 Nxf3+ 14. Nxf3 Bg6 15. e5
Nd5 16. Bd2 Be4 17. Qe2 Bg6 18. Bb1 Bxb1 19. Raxb1 Qc7 20. c4 Nb6 21. b4 cxb4
22. axb4 Qxc4 23. Qxc4 Nxc4 24. Bc3 Rfd8 25. Rbd1 Rac8 26. Rxd8+ Rxd8 27. Rc1 a6
28. Kg2 h6 29. Kg3 Rd3 30. Be1 Nxe5 {White resigns} 0-1

[Event "Team 45 45 League T45"]
[Site "Internet Chess Club"]
[Date "2010.05.15"]
[Round "2"]
[White "mmf00"]
[Black "anatolybcn"]
[Result "1-0"]
[WhiteElo "1571"]
[BlackElo "1243"]
[Opening "Sicilian defense"]
[ECO "B27"]
[Time "16:30:11"]
[TimeControl "2700+45"]

1. e4 c5 2. Nf3 h6 3. c3 d6 4. d4 cxd4 5. cxd4 Bg4 6. h3 Bxf3 7. Qxf3 Nc6 8. Be3
e6 9. Nc3 Be7 10. Bc4 Nf6 11. O-O O-O 12. a3 a6 13. Rad1 Na5 14. Ba2 b5 15. e5
Nh7 16. exd6 Ng5 17. Qg3 Bxd6 18. Bf4 Bxf4 19. Qxf4 Qe7 20. Rfe1 Nc4 21. Bxc4
bxc4 22. d5 Qc5 23. h4 Nh7 24. dxe6 fxe6 25. Qd4 Qf5 26. f3 Rab8 27. Qxc4 Rb6
28. b4 Qg6 29. Na4 Rb5 30. Nc5 Rxc5 31. Qxc5 Rxf3 32. Qc8+ Nf8 33. Rxe6 Qg4 34.
Re8 Qxc8 35. Rxc8 Rxa3 36. Rdd8 Ra1+ 37. Kf2 Ra2+ 38. Kf3 Ra3+ 39. Ke4 Ra4 40.
Rxf8+ Kh7 41. h5 Rxb4+ 42. Kd3 g6 43. Rf7# {Black checkmated} 1-0

[Event "Team 45 45 League T45"]
[Site "Internet Chess Club"]
[Date "2010.05.21"]
[Round "2"]
[White "cazj"]
[Black "guyd52"]
[Result "1-0"]
[WhiteElo "1349"]
[BlackElo "1273"]
[Opening "Pirc: Holmov system"]
[ECO "B07"]
[Time "19:59:03"]
[TimeControl "2700+45"]

1. e4 d6 2. d4 Nf6 3. Nc3 g6 4. Bc4 Bg7 5. Nf3 O-O 6. O-O b6 7. Bg5 Ba6 8. Qd3
Bxc4 9. Qxc4 a6 10. Rad1 Nbd7 11. Qc6 Ra7 12. Rfe1 Nb8 13. Qc4 h6 14. Bh4 g5 15.
Nxg5 hxg5 16. Bxg5 e6 17. Qd3 d5 18. e5 Nbd7 19. exf6 Nxf6 20. Qg3 Nh5 21. Qh4
f6 22. Bc1 Qe8 23. Nxd5 Qg6 24. Ne7+ {Black resigns} 1-0

[Event "Team 45 45 League T45"]
[Site "Internet Chess Club"]
[Date "2010.05.26"]
[Round "2"]
[White "wekabird"]
[Black "baseball613"]
[Result "1/2-1/2"]
[WhiteElo "1089"]
[BlackElo "1249"]
[Opening "English: Caro-Kann defensive system"]
[ECO "A11"]
[Time "18:00:26"]
[TimeControl "2700+45"]

1. c4 c6 2. Nc3 d5 3. cxd5 cxd5 4. d4 Nc6 5. e3 Nf6 6. h3 Bf5 7. Nf3 e6 8. g3 h6
9. Bg2 Bd6 10. O-O Ne4 11. Nxe4 Bxe4 12. a3 Qf6 13. Bd2 O-O 14. Bb4 Nxb4 15.
axb4 Bxb4 16. Ne5 Bxg2 17. Kxg2 Rfd8 18. Qb3 Qe7 19. Ra4 a5 20. Nd3 b5 21. Raa1
Rdc8 22. Nxb4 Qxb4 23. Qxb4 axb4 24. Rxa8 Rxa8 25. Rc1 Ra2 26. Rb1 Kf8 27. Kf1
Ke7 28. Ke1 Kd7 29. Kd1 Kc6 30. Kc2 Kd6 31. Kb3 Ra4 32. Rc1 e5 33. Rc5 exd4 34.
exd4 Ra1 35. Kxb4 Rb1 36. Kb3 Rf1 37. Rc2 Rh1 38. h4 Rd1 39. Kc3 Kc6 40. b4 Kd6
41. Rd2 Rxd2 42. Kxd2 Ke6 43. Ke3 f6 44. f4 Kf5 45. Kf3 g5 46. g4+ Ke6 47. f5+
Kd6 48. h5 Kc6 {Game drawn by mutual agreement} 1/2-1/2

[Event "Team 45 45 League T45"]
[Site "Internet Chess Club"]
[Date "2010.05.16"]
[Round "2"]
[White "iwin2"]
[Black "hcarstens"]
[Result "0-1"]
[WhiteElo "1053"]
[BlackElo "1249"]
[Opening "French: Winawer, advance variation"]
[ECO "C17"]
[Time "18:30:15"]
[TimeControl "2700+45"]

1. e4 e6 2. d4 d5 3. e5 Bb4+ 4. Nc3 c5 5. dxc5 Nc6 6. Nf3 Nge7 7. Bd2 Bxc5 8.
Bd3 Nd4 9. Nxd4 Bxd4 10. O-O Bxe5 11. Re1 Bd4 12. Bb5+ Bd7 13. Bxd7+ Qxd7 14.
Bg5 Nf5 15. g4 Bxc3 16. bxc3 Ne7 17. Re5 f6 18. Bxf6 gxf6 19. Re3 e5 20. Rd3 Rg8
21. h3 f5 22. c4 d4 23. c3 Nc6 24. cxd4 Nxd4 25. Re3 e4 26. f3 Nxf3+ 27. Qxf3
O-O-O 28. Qf2 Qd4 29. Qe2 Qxa1+ 30. Kf2 fxg4 31. hxg4 Rdf8+ 32. Kg2 Re8 33. c5
Qf6 34. Rxe4 Rxe4 35. Qxe4 Qc6 36. Qxc6+ bxc6 37. Kf3 Rg5 38. Kf4 Rxc5 {White
resigns} 0-1

[Event "Team 45 45 League T45"]
[Site "Internet Chess Club"]
[Date "2010.05.16"]
[Round "2"]
[White "WilmaP"]
[Black "ordinaryboy"]
[Result "1-0"]
[WhiteElo "1188"]
[BlackElo "943"]
[Opening "Sicilian: Hungarian variation"]
[ECO "B27"]
[Time "13:00:11"]
[TimeControl "2700+45"]

1. e4 c5 2. Nf3 g6 3. c3 Bg7 4. d4 b6 5. Bc4 Nc6 6. O-O e6 7. Re1 d5 8. exd5
Nce7 9. Nbd2 exd5 10. Bb3 Nf6 11. Ne5 O-O 12. Ndf3 Bf5 13. h3 h5 14. c4 Qd6 15.
cxd5 Nexd5 16. Nh4 Be6 17. Nc4 Qc6 18. Nf3 Rfe8 19. Nce5 Qd6 20. Ba4 Re7 21. Bf4
Nxf4 22. Qd2 N4d5 23. Bb3 Rd8 24. Rad1 Nb4 25. Bxe6 Rxe6 26. a3 Nc6 27. Nxc6
Qxc6 28. Rxe6 fxe6 29. Qe2 Qd5 30. Ne5 cxd4 31. Nxg6 Ne4 32. Ne7+ Kf7 33. Nxd5
Rxd5 34. Qxe4 Rd6 35. Qb7+ Kg6 36. Qxa7 e5 37. Qe7 Rd5 38. Qe6+ Bf6 39. Qxd5 Kf5
40. f3 Kf4 41. Qe4+ Kg5 42. h4+ Kh6 43. Qc6 Kg6 44. Qxb6 {Black resigns} 1-0

[Event "Team 45 45 League T45"]
[Site "Internet Chess Club"]
[Date "2010.05.15"]
[Round "2"]
[White "supraholic"]
[Black "Toalla"]
[Result "1/2-1/2"]
[WhiteElo "1276"]
[BlackElo "1175"]
[Opening "Sicilian: Labourdonnais-Löwenthal variation"]
[ECO "B32"]
[Time "13:07:07"]
[TimeControl "2700+45"]

1. e4 c5 2. Nf3 Nc6 3. d4 cxd4 4. Nxd4 e5 5. Nb5 a6 6. Nd6+ Bxd6 7. Qxd6 Qe7 8.
Qxe7+ Ngxe7 9. a3 b5 10. b4 Bb7 11. Bb2 Rd8 12. c4 bxc4 13. Bxc4 d5 14. exd5
Nxd5 15. Nc3 Nxc3 16. Bxc3 Nd4 17. O-O O-O 18. Ba2 Ne2+ 19. Kh1 Nxc3 20. Bb3 Rd2
21. Rac1 Nb5 22. Ra1 Rfd8 23. Kg1 Kf8 24. Rfe1 Nd4 25. Bd1 f6 26. Rc1 Nc6 27.
Bf3 Rc8 28. Red1 Rd4 29. g3 Ke7 30. Kf1 Rc7 31. Rxd4 exd4 32. Ke2 d3+ 33. Kd2
Kd6 34. Be4 Ne5 35. Rxc7 Kxc7 36. Bxb7 Kxb7 37. f4 Nf3+ 38. Kxd3 Nxh2 39. Ke4
Kc6 40. a4 g6 41. f5 g5 42. Kd4 h5 43. Ke4 h4 44. gxh4 gxh4 45. Kf4 Nf1 46. Kg4
Ne3+ 47. Kxh4 Nxf5+ 48. Kg4 Nd6 49. Kh5 Ne4 50. Kg6 Nc3 51. b5+ axb5 52. axb5+
Kxb5 53. Kxf6 {Game drawn because neither player has mating material} 1/2-1/2

[Event "Team 45 45 League T45"]
[Site "Internet Chess Club"]
[Date "2010.05.16"]
[Round "2"]
[White "Newcastler"]
[Black "otib2006"]
[Result "1-0"]
[WhiteElo "1317"]
[BlackElo "1218"]
[Opening "King's Indian: fianchetto with ...Nd7"]
[ECO "E67"]
[Time "09:14:28"]
[TimeControl "2700+45"]

1. d4 Nf6 2. c4 g6 3. Nf3 Bg7 4. g3 O-O 5. Bg2 d6 6. Nc3 Nbd7 7. O-O b6 8. e4
Bb7 9. e5 dxe5 10. dxe5 Nxe5 11. Nxe5 Qxd1 12. Rxd1 Bxg2 13. Kxg2 Rad8 14. Bf4
Nh5 15. Nc6 Nxf4+ 16. gxf4 Rxd1 17. Rxd1 Bxc3 18. bxc3 e6 19. Rd7 Kg7 20. Rxc7
a6 21. Rb7 b5 22. cxb5 axb5 23. Rxb5 Rc8 24. Rc5 Ra8 25. Nb4 Rd8 26. a4 Kf6 27.
a5 h6 28. a6 Ke7 29. Nc6+ Kd6 30. Nxd8 Kxc5 31. a7 Kb6 32. a8=Q {Black resigns}
1-0

[Event "Team 45 45 League T45"]
[Site "Internet Chess Club"]
[Date "2010.05.15"]
[Round "2"]
[White "dpmdpm"]
[Black "carolinaknight"]
[Result "1-0"]
[WhiteElo "1442"]
[BlackElo "1223"]
[Opening "French: exchange variation"]
[ECO "C01"]
[Time "17:00:19"]
[TimeControl "2700+45"]

1. e4 e6 2. d4 d5 3. exd5 exd5 4. Nf3 Bd6 5. Nc3 c6 6. h3 Ne7 7. Bd3 Bf5 8. O-O
Bxd3 9. Qxd3 O-O 10. Be3 Nd7 11. Rfe1 Nb6 12. Ng5 Ng6 13. b3 h6 14. Nf3 Nf4 15.
Bxf4 Bxf4 16. Ne2 Bd6 17. c4 Bc7 18. cxd5 cxd5 19. Nc3 Bd6 20. Nb5 Bb4 21. Re3
Re8 22. a3 Rxe3 23. Qxe3 Be7 24. Nc3 Rc8 25. b4 Nc4 26. Qe2 Qd7 27. Nxd5 Bf8 28.
Ne3 Qb5 29. Rc1 {Black resigns} 1-0

[Event "Team 45 45 League T45"]
[Site "Internet Chess Club"]
[Date "2010.05.13"]
[Round "2"]
[White "cru"]
[Black "seattleblues"]
[Result "1-0"]
[WhiteElo "1313"]
[BlackElo "1258"]
[Opening "French: exchange variation"]
[ECO "C01"]
[Time "21:03:24"]
[TimeControl "2700+45"]

1. e4 e6 2. d4 d5 3. exd5 exd5 4. Nc3 Nf6 5. Nf3 c5 6. Bb5+ Nc6 7. Ne5 Bd7 8.
O-O Nxe5 9. dxe5 Bxb5 10. Nxb5 Ne4 11. f3 Ng5 12. Bxg5 Qd7 13. Nd6+ Bxd6 14.
exd6 O-O 15. Qxd5 Rac8 16. Rfe1 Qc6 17. Qxc6 Rxc6 18. d7 f6 19. Rad1 Kf7 20.
Bxf6 Rxf6 21. d8=Q Rxd8 22. Rxd8 Rc6 23. Rd7+ Kg6 24. Rxb7 a6 25. Ree7 Rd6 26.
Rxg7+ Kf5 27. Rgf7+ Ke5 28. Rbe7+ Kd5 29. Rxh7 {Black resigns} 1-0

[Event "Team 45 45 League T45"]
[Site "Internet Chess Club"]
[Date "2010.05.16"]
[Round "2"]
[White "WzeroMN"]
[Black "dabodhi"]
[Result "1/2-1/2"]
[WhiteElo "1189"]
[BlackElo "1236"]
[Opening "Caro-Kann defense"]
[ECO "B10"]
[Time "18:30:11"]
[TimeControl "2700+45"]

1. e4 c6 2. Nf3 d5 3. exd5 cxd5 4. d4 Bg4 5. Nc3 Nf6 6. Bb5+ Nc6 7. h3 Bxf3 8.
Qxf3 e6 9. Bf4 Be7 10. O-O-O O-O 11. Bxc6 bxc6 12. Qg3 Ne4 13. Nxe4 dxe4 14. Bh6
Bf6 15. Be3 Qb6 16. b3 Qb4 17. c3 Qxc3+ 18. Kb1 Rfd8 19. Rc1 Qd3+ 20. Ka1 Rac8
21. Rhd1 Qe2 22. Qg4 Qb5 23. Qxe4 Rd5 24. Qc2 {Game drawn by mutual agreement}
1/2-1/2

[Event "Team 45 45 League T45"]
[Site "Internet Chess Club"]
[Date "2010.05.16"]
[Round "2"]
[White "Hieroglyph"]
[Black "BosqueVerde"]
[Result "0-1"]
[WhiteElo "1120"]
[BlackElo "1217"]
[Opening "Réti: King's Indian attack (with ...c5)"]
[ECO "A08"]
[Time "11:33:55"]
[TimeControl "2700+45"]

1. Nf3 d5 2. g3 c5 3. d3 Nf6 4. Nbd2 Nc6 5. Bg2 Bg4 6. O-O e5 7. Re1 Be7 8. e4
d4 9. b3 O-O 10. Bb2 b5 11. Qe2 Nb4 12. Rec1 Rc8 13. c3 Nbd5 14. exd5 Nxd5 15.
c4 bxc4 16. dxc4 Nf6 17. h3 Bh5 18. Rd1 Bd6 19. Ne4 h6 20. Nxd6 Qxd6 21. g4 Bg6
22. Nxe5 Rfe8 23. f4 Nd7 24. Qf2 Nxe5 25. fxe5 Rxe5 26. Re1 Rce8 27. Rad1 Rxe1+
28. Rxe1 Rd8 29. h4 d3 30. Rd1 d2 31. Bd5 Qd7 32. Rxd2 Qxg4+ 33. Kf1 Rd6 34. Re2
Qh3+ 35. Ke1 Bh5 36. Re8+ Kh7 37. Be4+ Bg6 38. Bxg6+ Kxg6 39. Qg1+ Kf5 40. Qf2+
Kg6 41. Re3 Qh1+ 42. Ke2 Qd1# {White checkmated} 0-1

[Event "Team 45 45 League T45"]
[Site "Internet Chess Club"]
[Date "2010.05.15"]
[Round "2"]
[White "WannaB"]
[Black "chris888"]
[Result "1-0"]
[WhiteElo "1020"]
[BlackElo "738"]
[Opening "Scandinavian defense"]
[ECO "B01"]
[Time "19:03:00"]
[TimeControl "2700+45"]

1. e4 d5 2. exd5 Nf6 3. c4 e5 4. dxe6 Bxe6 5. b3 Bc5 6. Bb2 Ng4 7. d4 Bb4+ 8.
Nc3 O-O 9. a3 Be7 10. d5 Bf5 11. Qd4 Qd6 12. Nf3 Qc5 13. h3 Nf6 14. Qxc5 Bxc5
15. Be2 c6 16. O-O cxd5 17. cxd5 Re8 18. Bb5 Re7 19. Nh4 Bc2 20. b4 Bd4 21. Rac1
Bb3 22. Nf5 Re5 23. Bd3 Bxc3 24. Bxc3 Bxd5 25. Bxe5 Nc6 26. Bxf6 gxf6 27. Ne3
Nd4 28. Nxd5 Re8 29. Nxf6+ Kf8 30. Nxe8 Kxe8 31. Rce1+ {Black resigns} 1-0

[Event "Team 45 45 League T45"]
[Site "Internet Chess Club"]
[Date "2010.05.14"]
[Round "2"]
[White "SugarIslander"]
[Black "CameronD"]
[Result "1-0"]
[WhiteElo "1693"]
[BlackElo "1734"]
[Opening "QGD: Albin counter-gambit"]
[ECO "D08"]
[Time "22:00:30"]
[TimeControl "2700+45"]

1. d4 d5 2. c4 e5 3. dxe5 d4 4. Nf3 Nc6 5. Bg5 f6 6. exf6 Nxf6 7. a3 Bf5 8. Nbd2
Bd6 9. Nb3 d3 10. exd3 O-O 11. Be2 Re8 12. O-O Ne5 13. Nxe5 Rxe5 14. d4 Rxe2 15.
Qxe2 Bxh2+ 16. Kxh2 Ng4+ 17. Qxg4 {Black resigns} 1-0

[Event "Team 45 45 League T45"]
[Site "Internet Chess Club"]
[Date "2010.05.16"]
[Round "2"]
[White "vaknight"]
[Black "MrKarma"]
[Result "1/2-1/2"]
[WhiteElo "1635"]
[BlackElo "1603"]
[Opening "Bird's opening"]
[ECO "A02"]
[Time "20:00:35"]
[TimeControl "2700+45"]

1. f4 c5 2. Nf3 Nc6 3. b3 d5 4. Bb2 Bg4 5. e3 d4 6. e4 e5 7. f5 Nf6 8. d3 Qa5+
9. Nbd2 g6 10. fxg6 hxg6 11. Be2 Bh6 12. Bc1 Qc3 13. Ba3 Bxf3 14. Bxf3 Bxd2+ 15.
Ke2 b6 16. Qxd2 Qxd2+ 17. Kxd2 a5 18. Bb2 Nh5 19. g3 Kd7 20. Bg4+ Kd6 21. Raf1
Raf8 22. Bc1 Ne7 23. Bxh5 Rxh5 24. Rf6+ Kc7 25. h4 Ng8 26. Rff1 f5 27. Ke2 Ne7
28. Bg5 Rh7 29. Rf2 Kd7 30. Rhf1 Rhf7 31. g4 Ke6 32. gxf5+ gxf5 33. Bxe7 Kxe7
34. Rxf5 Rxf5 35. Rxf5 Rxf5 36. exf5 Kf6 37. Kf3 Kxf5 38. h5 Kg5 39. Ke4 Kxh5
40. Kxe5 Kg4 41. Kd5 Kf3 42. Kc6 Ke2 43. Kxb6 Kd2 44. Kxa5 Kxc2 45. Kb5 Kxd3 46.
a4 Kc3 47. a5 d3 48. a6 d2 49. a7 d1=Q 50. a8=Q Qd3+ 51. Kb6 Qd6+ {Game drawn by
mutual agreement} 1/2-1/2

[Event "Team 45 45 League T45"]
[Site "Internet Chess Club"]
[Date "2010.05.16"]
[Round "2"]
[White "oldsj"]
[Black "mongmong"]
[Result "1-0"]
[WhiteElo "1613"]
[BlackElo "1525"]
[Opening "French: exchange variation"]
[ECO "C01"]
[Time "18:15:06"]
[TimeControl "2700+45"]

1. e4 e6 2. d4 d5 3. exd5 exd5 4. c4 Nf6 5. Nc3 Be7 6. Bd3 O-O 7. Nge2 dxc4 8.
Bxc4 c6 9. O-O Nbd7 10. Re1 Nb6 11. Bb3 Nbd5 12. Nf4 Bb4 13. Qd3 Nxf4 14. Bxf4
Nd5 15. Bc2 g6 16. Bh6 Re8 17. Qg3 Be6 18. Rad1 Qc7 19. Nxd5 Qxg3 20. Nf6+ Kh8
21. hxg3 Bxe1 22. Nxe8 Bxf2+ 23. Kxf2 Rxe8 24. b3 Bd5 25. Bg5 Kg7 26. Re1 Rxe1
27. Kxe1 Bxg2 28. Kf2 Bd5 29. Ke3 f6 30. Bf4 f5 31. Bd3 Kf6 32. Be2 g5 33. Be5+
Ke6 34. Bc4 c5 35. Bxd5+ Kxd5 36. Bf6 f4+ 37. gxf4 gxf4+ 38. Kd3 f3 39. Bh4 b5
40. dxc5 a5 41. Bf2 h5 42. a3 h4 43. b4 h3 44. Bg3 f2 45. Ke2 axb4 {Black
resigns} 1-0

[Event "Team 45 45 League T45"]
[Site "Internet Chess Club"]
[Date "2010.05.16"]
[Round "2"]
[White "CKNIGHT3"]
[Black "rom1"]
[Result "0-1"]
[WhiteElo "1439"]
[BlackElo "1522"]
[Opening "Grünfeld: Three knights variation"]
[ECO "D90"]
[Time "16:00:15"]
[TimeControl "2700+45"]

1. d4 Nf6 2. c4 g6 3. Nc3 d5 4. Nf3 Bg7 5. Qc2 O-O 6. e4 dxe4 7. Nxe4 Bf5 8. Bd3
Nxe4 9. Bxe4 Bxe4 10. Qxe4 c6 11. O-O Nd7 12. Re1 e6 13. Bf4 Nf6 14. Qe2 Nh5 15.
Be5 Bxe5 16. Nxe5 Qe7 17. Rad1 Rad8 18. Ng4 Qg5 19. h3 Nf4 20. Qe5 Qxe5 21. Rxe5
Kg7 22. Kh2 Rd6 23. g3 Nh5 24. Ne3 Rfd8 25. d5 cxd5 26. cxd5 Nf6 27. g4 Nxd5 28.
Nxd5 Rxd5 29. Rdxd5 Rxd5 30. Rxd5 exd5 31. Kg3 Kf6 32. Kf4 Ke6 33. Ke3 f5 34. f3
b5 35. Kd4 Kd6 36. a3 a5 37. b3 fxg4 38. fxg4 g5 39. b4 a4 40. Kd3 Ke5 41. Ke3
d4+ 42. Kd3 Kd5 43. Kd2 Ke4 44. Ke2 d3+ 45. Kd2 Kd4 46. Kd1 Kc3 47. Kc1 Kb3 48.
Kd2 Kxa3 49. Kxd3 Kb2 50. Kd2 a3 51. Kd3 a2 52. Kd4 a1=Q 53. Kc5 Qf1 54. Kb6 Qc4
55. Ka5 Kb3 56. Kb6 Kxb4 57. Kb7 Kc3 58. Kb6 b4 59. Kb7 b3 60. Kb6 b2 61. Ka5
b1=Q 62. h4 Qcb5# {White checkmated} 0-1

[Event "Team 45 45 League T45"]
[Site "Internet Chess Club"]
[Date "2010.05.14"]
[Round "2"]
[White "b-spot"]
[Black "MaxII"]
[Result "0-1"]
[WhiteElo "1759"]
[BlackElo "1710"]
[Opening "Old Benoni defense"]
[ECO "A56"]
[Time "21:00:28"]
[TimeControl "2700+45"]

1. d4 c5 2. d5 Nf6 3. c4 g6 4. Nc3 Bg7 5. e4 O-O 6. Be2 d6 7. h3 e6 8. Nf3 exd5
9. exd5 Bf5 10. O-O Ne4 11. Nxe4 Bxe4 12. Bd3 Bxd3 13. Qxd3 a6 14. a4 Nd7 15.
Bg5 Qc7 16. Qd2 Rab8 17. Bh6 Rfe8 18. Bxg7 Kxg7 19. Rfe1 Nf6 20. Qc3 Qd8 21.
Rxe8 Qxe8 22. Re1 Qxa4 23. Re7 Qb4 24. Qxb4 cxb4 25. Ng5 Kg8 26. Rxf7 Ne4 27.
Rxb7 Rxb7 28. Nxe4 Rb6 29. Nf6+ Kg7 30. Ne4 a5 31. Kf1 a4 32. c5 dxc5 33. d6
{White resigns} 0-1

[Event "Team 45 45 League T45"]
[Site "Internet Chess Club"]
[Date "2010.05.13"]
[Round "2"]
[White "zepled37"]
[Black "crazyhorses"]
[Result "1-0"]
[WhiteElo "1728"]
[BlackElo "1436"]
[Opening "Pirc: classical system, 5.Be2"]
[ECO "B08"]
[Time "19:32:45"]
[TimeControl "2700+45"]

1. e4 d6 2. d4 Nf6 3. Nc3 g6 4. Nf3 Bg7 5. Be2 O-O 6. h3 c6 7. Be3 Nbd7 8. Qd2
Qc7 9. O-O e5 10. Rad1 Re8 11. Rfe1 b5 12. b4 a5 13. a3 axb4 14. axb4 exd4 15.
Nxd4 d5 16. exd5 cxd5 17. Ndxb5 Qb8 18. Nxd5 Nxd5 19. Qxd5 Nf6 20. Qd6 Qxd6 21.
Nxd6 Rd8 22. Nxc8 Rdxc8 23. c4 Ne4 24. Bf1 Bc3 25. b5 Bxe1 26. Rxe1 Nc5 27. Rd1
Ne6 28. g3 Ra4 29. Rb1 Raa8 30. Bg2 Rab8 31. Ba7 Ra8 32. Bxa8 {Black resigns}
1-0

[Event "Team 45 45 League T45"]
[Site "Internet Chess Club"]
[Date "2010.05.16"]
[Round "2"]
[White "GadsHill"]
[Black "BrerRabbit"]
[Result "0-1"]
[WhiteElo "1549"]
[BlackElo "1492"]
[Opening "King's Indian: Petrosian system"]
[ECO "E92"]
[Time "19:00:33"]
[TimeControl "2700+45"]

1. d4 Nf6 2. c4 g6 3. Nc3 Bg7 4. e4 d6 5. Nf3 O-O 6. Be2 e5 7. d5 Na6 8. Nd2 h5
9. a3 c5 10. dxc6 bxc6 11. b4 Nc7 12. Nb3 Ne6 13. Be3 Nf4 14. O-O Nxe2+ 15. Qxe2
Ng4 16. f3 Nxe3 17. Qxe3 Be6 18. Na5 Qc7 19. Rfd1 Rab8 20. Rac1 Kh7 21. Rc2 c5
22. Nb5 Bh6 23. Qf2 Rxb5 24. cxb5 c4 25. Nc6 a6 26. Qa7 Qxa7+ 27. Nxa7 Be3+ 28.
Kf1 Bxa7 29. bxa6 Bd4 30. Rdc1 Rb8 31. Rxc4 Bxc4+ 32. Rxc4 Rb6 33. a4 Rxa6 34.
b5 Ra8 35. Rc6 Bc5 36. b6 Rxa4 37. b7 Rb4 38. Rc7 Kg7 39. Ke2 Kf6 40. Kd3 Ke6
41. Kc3 Rb1 42. Kc4 Ba7 {White resigns} 0-1

[Event "Team 45 45 League T45"]
[Site "Internet Chess Club"]
[Date "2010.05.14"]
[Round "2"]
[White "SpeedBlade"]
[Black "AngryPirate"]
[Result "0-1"]
[WhiteElo "1415"]
[BlackElo "1509"]
[Opening "English: symmetrical variation"]
[ECO "A38"]
[Time "11:02:04"]
[TimeControl "2700+45"]

1. c4 c5 2. g3 Nc6 3. Bg2 g6 4. Nc3 Bg7 5. Nf3 Nf6 6. O-O d6 7. d4 cxd4 8. Nxd4
Nxd4 9. Qxd4 O-O 10. Qd3 Rb8 11. Rb1 b6 12. b3 Bb7 13. e4 Nd7 14. Bb2 Nc5 15.
Qe3 f5 16. Nd5 fxe4 17. Bxg7 Kxg7 18. b4 Nd7 19. Bxe4 Nf6 20. Qd4 e5 21. Qd3
Nxe4 22. Qxe4 Qd7 23. b5 Qf7 24. f4 Bxd5 25. cxd5 Qe7 26. Rbc1 Rbc8 27. Rc6 g5
28. fxe5 Rxf1+ 29. Kxf1 Rf8+ 30. Kg2 Qf7 31. Qe2 Qxd5+ 32. Kg1 Qxe5 33. Rc7+ Rf7
34. Rxf7+ Kxf7 35. Qxe5 dxe5 36. Kf2 g4 37. Ke3 Ke6 38. Ke4 Kd6 39. Kf5 Kd5 40.
Kxg4 Kd4 41. Kf3 Kd3 42. Kf2 e4 43. Ke1 Ke3 44. g4 Kf4 45. h3 h6 46. Ke2 Kg3 47.
Ke3 Kxh3 48. Kxe4 Kxg4 49. Ke3 Kg3 50. Ke2 h5 51. Kf1 Kh3 52. Kf2 Kh2 53. Kf1
Kg3 54. Kg1 Kf3 55. Kh2 Ke3 56. Kh3 Kd3 57. Kh4 Kc4 58. a4 Kb4 59. Kxh5 Kxa4 60.
Kg4 Kxb5 61. Kf3 Kc4 62. Ke2 Kc3 63. Kd1 Kb2 {White resigns} 0-1

[Event "Team 45 45 League T45"]
[Site "Internet Chess Club"]
[Date "2010.05.16"]
[Round "2"]
[White "jjaillet2007"]
[Black "clammer"]
[Result "0-1"]
[WhiteElo "1227"]
[BlackElo "1246"]
[Opening "QGD Slav defense"]
[ECO "D10"]
[Time "15:00:34"]
[TimeControl "2700+45"]

1. d4 d5 2. c4 c6 3. Nc3 Nf6 4. cxd5 cxd5 5. Bf4 Bd7 6. e3 e6 7. Bb5 a6 8. Qa4
Nc6 9. Bd3 Qb6 10. Qb3 Qxb3 11. axb3 Bb4 12. Nf3 Na5 13. Bc2 O-O 14. O-O Rac8
15. Rfc1 Nh5 16. Ne2 Bb5 17. Bd1 Bxe2 18. Rxc8 Rxc8 19. Bxe2 Nxf4 20. exf4 Nxb3
21. Rd1 Rc1 22. Rxc1 Nxc1 23. Bf1 f6 24. g3 Kf7 25. Bh3 Ne2+ 26. Kf1 Nc1 27. f5
exf5 28. Bxf5 g6 29. Bc8 Nd3 30. Bxb7 Nxb2 31. Bxa6 Nc4 32. Ke2 g5 33. g4 Nd6
34. Bd3 h6 35. h4 Ke6 36. hxg5 hxg5 37. Ng1 Bc3 38. Ke3 Nc4+ 39. Bxc4 dxc4 40.
Ne2 Bb2 41. Kd2 Kd5 42. Kc2 Bxd4 43. f4 Ke4 44. fxg5 fxg5 45. Nxd4 Kxd4 46. Kd2
c3+ 47. Kc2 Kc4 48. Kc1 Kd3 49. Kd1 Ke3 50. Kc2 Kf4 51. Kxc3 Kxg4 52. Kd2 Kf3
53. Ke1 Kg2 54. Ke2 g4 55. Ke3 g3 56. Ke2 Kh1 57. Kf1 g2+ 58. Kf2 g1=Q+ 59. Kf3
Qe1 60. Kf4 Kg2 61. Kf5 Kg3 62. Kf6 Kg4 63. Kf7 Kg5 64. Kg7 Qe7+ 65. Kg8 Kg6 66.
Kh8 Qg7# {White checkmated} 0-1

[Event "Team 45 45 League T45"]
[Site "Internet Chess Club"]
[Date "2010.05.15"]
[Round "2"]
[White "theartist"]
[Black "kabubi"]
[Result "0-1"]
[WhiteElo "1189"]
[BlackElo "1199"]
[Opening "King's Indian: Petrosian system, main line"]
[ECO "E93"]
[Time "14:00:42"]
[TimeControl "2700+45"]

1. d4 Nf6 2. c4 g6 3. Nc3 Bg7 4. e4 d6 5. Be2 O-O 6. Nf3 e5 7. d5 Nbd7 8. Bg5
Re8 9. O-O Nf8 10. Nd2 h6 11. Be3 N8h7 12. f3 c5 13. dxc6 bxc6 14. Qc2 c5 15.
Nd5 Nxd5 16. cxd5 Rb8 17. Nc4 Ba6 18. b3 Nf6 19. Bd2 Nd7 20. Nxd6 Bxe2 21. Be3
Bxf1 22. Rxf1 Qc7 23. Nxe8 Rxe8 24. Rc1 Bf8 25. Qc4 Nb6 26. Qb5 Rb8 27. Qc6 Qxc6
28. dxc6 Rc8 29. Rd1 Rxc6 30. Rd7 Nxd7 {White resigns} 0-1

[Event "Team 45 45 League T45"]
[Site "Internet Chess Club"]
[Date "2010.05.17"]
[Round "2"]
[White "Mclintock45"]
[Black "NewfieKnight"]
[Result "0-1"]
[WhiteElo "1052"]
[BlackElo "1099"]
[Opening "Giuoco Piano"]
[ECO "C50"]
[Time "20:01:05"]
[TimeControl "2700+45"]

1. e4 e5 2. Nf3 Nc6 3. Bc4 Bc5 4. O-O Nf6 5. c3 Nxe4 6. d4 exd4 7. cxd4 Bb6 8.
Re1 d5 9. Bg5 f6 10. Bb5 fxg5 11. Ne5 O-O 12. Nc3 Nxd4 13. Bd3 Nxf2 14. Qe2
Nxe2+ 15. Rxe2 Nxd3+ 16. Kh1 Nf2+ 17. Kg1 Nh3+ 18. Kh1 Rf2 19. gxh3 Rxe2 20.
Nxe2 Bxh3 21. Re1 d4 22. Nd3 Qd5+ 23. Kg1 Qg2# {White checkmated} 0-1